 Dungeon Crawl Stone Soup version 0.31-a0-4-gefa6de2278 (webtiles) character file.

Game seed: 9775957787000910703

2058 greenreed the Grappler (level 9, -2/87 (92) HPs)
             Began as a Troll Monk on May 4, 2023.
             Was a Priest of Ru.
             Slain by a killer bee (5 damage)
             ... on level 6 of the Dungeon.
             The game lasted 00:12:06 (4501 turns).

greenreed the Grappler (Troll Monk)                 Turns: 4501, Time: 00:12:06

HP:   -2/87 (92)    AC:  4    Str: 25    XL:     9   Next: 5%
MP:   8/8           EV: 12    Int:  6    God:    Ru [***...]
Gold: 333           SH:  0    Dex: 18    Spells: 8/8 levels left

rFire   . .          .
                       - Unarmed
rCold   . . .        c - orb {light}
rNeg    + . .        a - +0 robe
rPois   .            (helmet restricted)
rElec   .            (no cloak)
rCorr   .            (gloves unavailable)
SInv    .            (boots unavailable)
Will    .....        (no amulet) Stlth
                     s - +6 ring of dexterity
HPRegen 1.14/turn    C - ring of positive energy
MPRegen 0.11/turn

%: no passive effects
@: lethally poisoned (-2 -> -7), exhausted, hasted, glowing, drained, very quick
A: large, unfitting armour, claws 3, regeneration 1, shaggy fur 1, tough skin 1,
no stealth, inability to use devices
a: Renounce Religion, Draw Out Power


You were on level 6 of the Dungeon.
You worshipped Ru.
Ru was most pleased with you.
You visited 2 branches of the dungeon, and saw 7 of its levels.
You also visited: Sewer.

You collected 333 gold pieces.

Inventory:

Missiles
 y - a curare-tipped dart (quivered)
 z - 11 poisoned darts
Armour
 a - a +0 robe (worn)
 c - an orb of light (worn)
Jewellery
 s - a +6 ring of dexterity (left claw)
 C - a ring of positive energy (right claw)
Scrolls
 d - 4 scrolls of identify {unknown}
 f - 2 scrolls of noise {unknown}
 h - 2 scrolls of enchant weapon {unknown}
 i - 4 scrolls of teleportation {unknown}
 j - 3 scrolls of enchant armour {unknown}
 k - 3 scrolls of amnesia {unknown}
 n - 2 scrolls of blinking {unknown}
 r - 3 scrolls of fear {unknown}
 x - 2 scrolls of immolation {unknown}
 A - a scroll of poison {unknown}
Potions
 e - 2 potions of lignification {unknown}
 g - 3 potions of attraction {unknown}
 l - 2 potions of might {unknown}
 m - 3 potions of heal wounds {unknown}
 o - a potion of degeneration {unknown}
 p - 3 potions of resistance {unknown}
 q - 3 potions of curing {unknown}
 t - a potion of brilliance {unknown}
 u - a potion of mutation {unknown}
 v - 4 potions of haste
 w - a potion of magic {unknown}
 B - a potion of flight {unknown}


   Skills:
 * Level 6.7 Fighting
 + Level 5.0 Dodging
 * Level 8.1 Unarmed Combat


You had 8 spell levels left.
You didn't know any spells.
Your spell library contained the following spells:

 Spells                   Type           Power      Damage    Failure   Level
 Sublimation of Blood     Necr           0%         N/A       58%         2
 Gell's Gravitas          Tloc           0%         N/A       83%         3
 Teleport Other           Tloc           0%         N/A       83%         3
 Petrify                  Tmut/Erth      0%         N/A       99%         4
 Irradiate                Conj/Tmut      0%         3d11      100%        5
 Dispersal                Tloc           0%         N/A       100%        6


Dungeon Overview and Level Annotations

Branches:
Dungeon (6/15)             Temple (1/1) D:4           Sewer (visited)

Altars:
Ashenzari
Cheibriados
Dithmenos
Elyvilon
Fedhas
Kikubaaqudgha
Makhleb
Okawaru
Ru
Uskayaw
Vehumet
Wu Jian
Yredelemnul

Shops:
D:1 (   D:2 [

Annotations:
D:6 2 transporters, superbruh's ghost, novice TrMo


Innate Abilities, Weirdness & Mutations

You are too large for most types of armour.
You have claws for hands.
Your natural rate of healing is unusually fast.
You are covered in fur. (AC +1)
You have tough skin. (AC +1)
You cannot be stealthy.
You cannot study or use magical devices.


Message History

* * * LOW HITPOINT WARNING * * *
You focus your inner power and blind the killer bee in retribution!
The killer bee closely misses you.
The killer bee stings you but does no damage.
The killer bee attacks as you move away!
The killer bee barely misses you.
The killer bee attacks as you move away!
The killer bee stings you.
* * * LOW HITPOINT WARNING * * *
You are more poisoned.
The killer bee poisons you!
The killer bee attacks as you move away!
The killer bee is stunned by your conviction and fails to attack.
You feel sick.
The killer bee stings you but does no damage.
You feel sick. The killer bee barely misses you.
You feel sick. The killer bee barely misses you. The killer bee stings you.
* * * LOW HITPOINT WARNING * * *
You feel sick.
The killer bee attacks as you move away!
The killer bee barely misses you.
You feel sick. The killer bee completely misses you.
The killer bee attacks as you move away!
The killer bee barely misses you.
You feel sick.
The killer bee stops glowing.
The killer bee is no longer blind.
The killer bee is stunned by your conviction and fails to attack.
The killer bee attacks as you move away!
The killer bee misses you.
The killer bee attacks as you move away!
The killer bee barely misses you.
You feel sick.
The killer bee attacks as you move away!
The killer bee stings you.
* * * LOW HITPOINT WARNING * * *
You are lethally poisoned!
The killer bee poisons you!
* * * LOW HITPOINT WARNING * * *
You feel very sick.
The gnoll shouts!
The killer bee stings you.
You die...

##########
.........#################
................@yyy.....##
≈≈≈≈≈≈≈≈≈≈...≈≈≈≈y≈y≈≈≈≈..#
≈≈≈≈≈≈≈≈≈≈...≈≈≈≈≈≈≈≈≈≈≈..#
≈#####...........#####≈≈..#
≈#.gg#.###.©.###.#..g#≈≈..#
≈#...###.#####©###...#≈≈..#
≈###.......g.......###≈≈..#
≈.8#.######+######.#8.≈≈..#
≈.## #.Wg 8.P ⌠P# ##.≈≈..#


You could see 5 killer bees and a gnoll.

Vanquished Creatures
  Grinder (D:6)
  Eustachio (D:4)
  An ice beast (D:4)
  An ogre (D:5)
  A centaur (D:5)
  2 phantoms
  2 kobold brigands (Sewer)
  4 scorpions
  A killer bee (D:6)
  A hound (D:5)
  3 jellies (D:5)
  3 orc priests
  3 iguanas
  3 orc wizards
  Ijyb (D:3)
  Natasha (thrice) (D:2)
  14 adders
  5 gnolls
  7 river rats (Sewer)
  A shadow imp (D:5)
  4 worms
  18 orcs
  4 bats
  7 endoplasms
  5 giant cockroaches
  7 hobgoblins
  8 jackals
  A quokka (D:1)
  16 ball pythons
  4 frilled lizards
  8 goblins
  15 kobolds
  23 rats
178 creatures vanquished.

Vanquished Creatures (others)
  A hound (D:5)
  A kobold (Sewer)
  A rat (Sewer)
  5 plants
8 creatures vanquished.

Grand Total: 186 creatures vanquished

Notes
Turn   | Place    | Note
-------+----------+-------------------------------------------
     0 | D:1      | greenreed the Troll Monk began the quest for the Orb.
     0 | D:1      | Reached XP level 1. HP: 22/22 MP: 0/0
    41 | D:1      | Reached XP level 2. HP: 23/29 MP: 1/1
   290 | D:1      | Found a faded altar of an unknown god.
   322 | D:1      | Reached XP level 3. HP: 36/36 MP: 2/2
   331 | D:1      | Found Iqeghico's Antique Weapon Shop.
   633 | D:2      | Found a burning altar of Makhleb.
   745 | D:2      | Noticed Natasha
   753 | D:2      | Killed Natasha
   754 | D:2      | Reached skill level 4 in Unarmed Combat
   754 | D:2      | Reached XP level 4. HP: 28/45 MP: 3/3
   842 | D:2      | Found Yraisiho's Antique Armour Shoppe.
   948 | D:2      | Noticed Natasha
   957 | D:2      | Killed Natasha
   982 | D:2      | Noticed Natasha
   986 | D:2      | Killed Natasha
   987 | D:2      | Reached XP level 5. HP: 53/53 MP: 4/4
  1254 | D:3      | Noticed Ijyb
  1266 | D:3      | Killed Ijyb
  1400 | D:3      | Reached XP level 6. HP: 59/62 MP: 5/5
  1571 | D:3      | Reached skill level 5 in Unarmed Combat
  1873 | D:4      | Found a staircase to the Ecumenical Temple.
  1873 | D:4      | Noticed an ice beast
  1880 | D:4      | Killed an ice beast
  1919 | D:4      | Noticed Eustachio
  1932 | D:4      | Reached XP level 7. HP: 67/71 MP: 6/6
  1935 | D:4      | Killed Eustachio
  1936 | D:4      | Reached skill level 6 in Unarmed Combat
  1952 | Temple   | Entered the Ecumenical Temple
  1988 | Temple   | Became a worshipper of Ru the Awakened
  2021 | Temple   | Gained mutation: You cannot study or use magical devices.
                  | [Ru sacrifice]
  2021 | Temple   | Reached * piety under Ru
  2021 | Temple   | Reached ** piety under Ru
  2108 | D:4      | Reached skill level 5 in Fighting
  2386 | D:4      | Found a glowing drain.
  2395 | Sewer    | Entered a sewer
  2505 | Sewer    | Identified the +8 dagger "Daogaca" {heavy, *Slow rElec
                  | Str+5}
  2712 | Sewer    | Reached XP level 8. HP: 74/81 MP: 7/7
  3615 | D:5      | Entered Level 5 of the Dungeon
  3761 | D:5      | Reached skill level 7 in Unarmed Combat
  3863 | D:5      | Gained mutation: You cannot be stealthy. [Ru sacrifice]
  3863 | D:5      | Reached *** piety under Ru
  3887 | D:5      | Found an ornate altar of the Wu Jian Council.
  4422 | D:6      | Identified the +0 kite shield "Celawaxi" {Int+5}
  4440 | D:6      | Found a transporter.
  4446 | D:6      | Found a transporter.
  4456 | D:6      | Noticed superbruh's ghost (novice TrMo)
  4465 | D:6      | Noticed Grinder
  4474 | D:6      | Killed Grinder
  4475 | D:6      | Reached skill level 5 in Dodging
  4475 | D:6      | Reached skill level 8 in Unarmed Combat
  4475 | D:6      | Reached XP level 9. HP: 87/92 MP: 8/8
  4501 | D:6      | HP: 3/87 [poisoned by a killer bee]
  4501 | D:6      | Slain by a killer bee

Illustrated notes

Levels and vault maps discovered:
D:1:      minmay_arrival_split_and_join, layout_basic,
          ebering_ecumenical_altar_abandoned, serial_shops, shop, minivault_19,
          minmay_pentomino_q4
D:2:      layout_basic, basic_altar, serial_shops, shop, minmay_hedge_maze,
          kennysheep_boxes, uniq_natasha
D:3:      layout_loops_cross, uniq_terence, uniq_ijyb
D:4:      layout_layer_cave, minmay_temple_entry_gardened_gates,
          cheibrodos_sewer_entry_bend, minmay_goblin_outpost, uniq_eustachio
D:5:      layout_basic, mainiacjoe_overflow_catwalk, serial_corexii_hall,
          corexii_hall_statues_l, chequers_hall_statues_wall_a,
          kennysheep_generic_room_9
D:6:      layout_rooms, gammafunk_ghost_gnarly_gnolls, uniq_grinder
Temple:   kb_temple_of_zot

Skill      XL: |  1  2  3  4  5  6  7  8 |
---------------+-------------------------+-----
Fighting       | 3 4 5 6 |  6.7
Unarmed Combat | 4 5 6 8 |  8.1
Dodging        | 3 4 5 |  5.0

Action                     |  1- 3 |  4- 6 |  7- 9 || total
---------------------------+-------+-------+-------++-------
  Melee: Unarmed           |    58 |   130 |   209 ||   397
 Invoke: Sacrifice Artific |       |       |     1 ||     1
         Sacrifice Stealth |       |       |     1 ||     1
         Draw Out Power    |       |       |     1 ||     1
    Use: Potion            |       |       |     2 ||     2
 Armour: Robe              |    11 |    24 |    54 ||    89
  Dodge: Dodged            |    21 |    65 |   174 ||   260

Table legend: (Time is in decaauts)
 A = Elapsed time spent in this place.
 B = Non-inter-level travel time spent in this place.
 C = Inter-level travel time spent in this place.
 D = Time resting spent in this place.
 E = Time spent auto-exploring this place.
 F = Levels seen in this place.
 G = Mean time per level.
                   A        B        C        D        E       F      G
               +--------+--------+--------+--------+--------+-----+--------+
         Total |   4456 |   4032 |    424 |     28 |   3009 |   8 |  557.0 |
       Dungeon |   3841 |   3448 |    393 |     28 |   2698 |   6 |  640.2 |
        Temple |     71 |     40 |     31 |      0 |      0 |   1 |   71.0 |
         Sewer |    543 |    543 |      0 |      0 |    311 |   1 |  543.0 |
               +--------+--------+--------+--------+--------+-----+--------+

Top non-repeatable levels by time:
     D:4: 1145 daAuts
     D:5: 737 daAuts
     D:2: 667 daAuts
     D:3: 615 daAuts
   Sewer: 543 daAuts
     D:1: 540 daAuts
     D:6: 135 daAuts
  Temple: 71 daAuts
